 Dungeon Crawl Stone Soup version bcrawl-1.41 (webtiles) character file.

Game seed: 17016311845072547191

435223 TheWayOfAllFlesh the Spry (level 15, -5/79 HPs)
             Began as a Spriggan Enchanter on Apr 9, 2024.
             Was an Initiate of Gozag.
             Shot with an arrow by a naga sharpshooter (10 damage)
             ... on level 1 of the Snake Pit.
             The game lasted 01:51:20 (28533 turns).

TheWayOfAllFlesh the Spry (Spriggan Enchanter)     Turns: 28533, Time: 01:51:22

Health: -5/79      AC:  7    Str:  7    XL:     15   Next: 87%
Magic:  25/31      EV: 32    Int: 19    God:    Gozag
Gold:   1669       SH:  8    Dex: 18    Spells: 9/36 levels left

rFire    . . .     GDR:     29% b - +3 dagger (venom)
rCold    . . .     SeeInvis +   v - +0 buckler
rNeg     . . .     Gourm    .   M - +2 robe {RegenMP}
rPois    .         Faith    .   a - +1 hat
rElec    +         Spirit   .   R - +1 cloak {+Inv}
rCorr    .         Reflect  .   (gloves unavailable)
MR       ++...                  (boots unavailable)
Stlth    ++++++++..             (no amulet)
HPRegen  0.23/turn              J - ring of stealth
MPRegen  0.44/turn              y - ring of insulation

@: very quick
A: very small, unfitting armour, see invisible, herbivore, speed 3, slow
metabolism 2
a: Potion Petition, Call Merchant, Bribe Branch, Renounce Religion, Evoke
Invisibility


You were on level 1 of the Snake Pit.
You worshipped Gozag.
Gozag was most pleased with you.
You were not hungry.

You visited 5 branches of the dungeon, and saw 21 of its levels.
You visited 1 bazaar.
You also visited: Sewer, Ossuary and Volcano.

You collected 7593 gold pieces.
You spent 4497 gold pieces at shops.
You paid 1427 gold pieces to Gozag.

Inventory:

Hand Weapons
 b - a +3 dagger of venom (weapon)
 w - the +3 quick blade of the Fox {venom, rF++ Str+5 Int-3}
   (You acquired it on level 1 of the Lair of Beasts)

   It poisons the flesh of those it strikes.
   It affects your strength (+5).
   It affects your intelligence (-3).
   It greatly protects you from fire.
Missiles
 z - a throwing net {=f}
Armour
 a - a +1 hat (worn)
 v - a +0 buckler (worn)
 M - a +2 robe of magic recovery (worn)
 R - a +1 cloak of invisibility (worn)
Jewellery
 j - an uncursed ring of poison resistance
 y - a ring of insulation (right hand)
 J - a ring of stealth (left hand)
Wands
 t - a wand of digging (7)
 H - a wand of flame (8)
 I - a wand of polymorph (18)
 K - a wand of charming (6)
 V - a wand of clouds (4)
Scrolls
 d - 3 scrolls of fog
 g - 5 scrolls of amnesia
 h - 5 scrolls of revelation
 i - 7 scrolls of identify
 k - 2 scrolls of immolation
 l - 18 scrolls of teleportation
 n - 5 scrolls of remove curse
 o - 3 scrolls of blinking
 B - a scroll of fear
 L - 3 scrolls of enchant weapon
 O - 2 scrolls of summoning
 U - 2 scrolls of enchant armour
Potions
 c - 8 potions of lignification
 f - 4 potions of invisibility
 m - 7 potions of heal wounds
 p - 3 potions of mutation
 q - 7 potions of curing
 s - 2 potions of cancellation
 u - 4 potions of berserk rage
 x - 2 potions of flight
 A - a potion of ambrosia
 C - 3 potions of brilliance
 D - 3 potions of haste
 E - 7 potions of agility
 G - 3 potions of might
 N - a potion of magic
 P - a potion of resistance
Comestibles
 e - 16 rations {!d}


   Skills:
 + Level 9.1 Fighting
 - Level 12.0 Short Blades
 + Level 17.8 Dodging
 - Level 15.2 Stealth
 * Level 5.4 Shields
 - Level 11.0 Spellcasting
 - Level 12.0 Hexes
 * Level 6.0 Summonings
 - Level 4.0 Ice Magic
 - Level 10.0 Evocations


You had 9 spell levels left.
You knew the following spells:

 Your Spells              Type           Power        Failure   Level  Hunger
a - Ensorcelled Hibernat  Hex/Ice        #####.       1%          2    None
b - Confuse               Hex            ######..     1%          3    None
c - Tukima's Dance        Hex            ######..     1%          3    None
d - Slow                  Hex            ######..     1%          1    None
e - Cause Fear            Hex            ######....   1%          4    None
f - Shadow Creatures      Summ           N/A          100%        7    ######.
h - Summon Butterflies    Summ           ####....     1%          1    None
z - Summon Mana Viper     Hex/Summ       #####...     14%         5    ###....
A - Apportation           Tloc           ##....       21%         1    None

Your spell library contained the following spells:

 Spells                   Type           Power        Failure   Level  Hunger
 Dazzling Orbs            Conj/Hex       ####...      4%          3    None
 Inner Flame              Hex/Fire       N/A          4%          3    None
 Recall                   Summ/Tloc      N/A          17%         3    None
 Flame Tongue             Conj/Fire      ##...        21%         1    None
 Sting                    Conj/Pois      ##..         21%         1    None
 Darkness                 Hex            ######....   22%         6    #####..
 Invisibility             Hex            ######..     22%         6    #####..
 Flaming Arrows           Chrm/Fire      ##......     30%         2    None
 Summon Demon             Summ           ####......   41%         5    ###....
 Beckoning                Tloc           ##........   52%         3    None
 Conjure Flame            Conj/Fire      ##......     52%         3    None
 Summon Forest            Summ/Tloc      ###.......   85%         5    ###....
 Sticky Flame             Conj/Fire      ##......     89%         4    None
 Aura of Abjuration       Summ           ####......   94%         6    #####..
 Fireball                 Conj/Fire      ##........   99%         5    ###....
 Venom Bolt               Conj/Pois      ##........   99%         5    ###....
 Infestation              Hex/Tmut/Pois  ####.....    99%         6    #####..
 Borgnjor's Vile Clutch   Necr/Erth      ##........   100%        6    #####..
 Deflect Missiles         Chrm/Air       ##........   100%        6    #####..
 Simulacrum               Ice/Necr       ###.....     100%        6    #####..
 Haunt                    Necr/Summ      ###.......   100%        7    ######.
 Malign Gateway           Summ/Tloc      ###.......   100%        7    ######.
 Monstrous Menagerie      Summ           ####......   100%        7    ######.
 Scorpion Form            Tmut/Pois      ##........   100%        7    ######.
 Spellforged Servitor     Conj/Summ      ###.......   100%        7    ######.
 Summon Greater Demon     Summ           ####......   100%        7    ######.
 Summon Horrible Things   Summ           ####......   100%        8    #######
 Time Stop                Chrm/Tloc      N/A          100%        8    #######


Dungeon Overview and Level Annotations

Branches:
Dungeon (12/12)            Temple (1/1) D:4            Lair (6/6) D:8
 Shoals (0/3) Lair:2        Snake (1/3) Lair:4        Slime (0/5) Orc
    Orc (1/1) D:9          Vaults (0/3) D:11         Forest (0/3) Lair:6
 Depths (0/5) D:12

Altars:
Ashenzari
Cheibriados
Dithmenos
Elyvilon
Fedhas
Gozag
Hepliaklqana
Kikubaaqudgha
Lugonu
Makhleb
Nemelex Xobeh
Okawaru
Qazlal
Ru
Sif Muna
Trog
Uskayaw
Vehumet
Wu Jian
Yredelemnul
Zin
The Shining One
Jiyva

Shops:
D:4 *   Orc %!([   Lair:5 [(

Annotations:
D:9 3 runed translucent doors, exclusions: 3 doors and 1 more exclusion, Mehrunes's ghost, journeyman NaSA
D:12 3 runed translucent doors, Finalfun's ghost, journeyman FrFE
Lair:2 1 runed translucent door, Mrcake's ghost, journeyman GrEE
Lair:4 exclusions: worker ant and 1 more exclusion, Rupert


Innate Abilities, Weirdness & Mutations

You are very small and have problems with some larger weapons.
You are too small for most types of armour.
You have supernaturally acute eyesight. (SInv)
You are a herbivore.
You cover ground extremely quickly.
You need to consume almost no food.


Message History

The arrow hits you!
* * * LOW HITPOINT WARNING * * *
Your mana viper bites the naga warrior but does no damage.
The naga spits poison at you. You block the splash of poison.
Your mana viper bites the naga warrior!
The naga warrior spits poison at your mana viper.
The splash of poison hits your mana viper.
The naga warrior constricts your mana viper.
The naga sharpshooter casts a spell.
The naga sharpshooter magically shoots an arrow.
The arrow hits you!
* * * LOW HITPOINT WARNING * * *
Your mana viper bites the naga warrior but does no damage.
You see here 17 gold pieces.
Your mana viper barely misses the naga warrior.
The naga sharpshooter casts a spell.
The naga sharpshooter magically shoots an arrow.
The arrow hits you!
You die...
Your body crumbles into a pile of gold.

#......#.#......
#..[............
##..?..#..........
##.................
#.................#
#(.....$...........
#.......(..........
$
#......$$.$........
#..?...@...N.....#.
#...........S......
##.........SN.....)
##.....##....?....
.......##N#.......
..####...#N#N......
#. ............##
##...##.......# #.#
........


You could see a naga warrior, a naga sharpshooter, a naga and 2 friendly mana
vipers.

Vanquished Creatures
  Gastronok (Orc)
  An apis (Lair:6)
  Donald (Orc)
  An orc warlord (Orc)
  An ironheart preserver (D:11)
  Snorg (Lair:5)
  A naga warrior (Lair:4)
  Josephine (D:11)
  7 hydras
  Erolcha (Orc)
  6 catoblepae
  An ogre mage (D:12)
  Psyche (D:9)
  A death knight (D:12)
  A tengu warrior (D:11)
  10 two-headed ogres
  4 death yaks (Lair:6)
  2 orc high priests (Orc)
  4 skeletal warriors (D:11)
  3 spriggans (Lair:6)
  A hell knight (Volcano)
  5 centaur warriors
  4 unseen horrors
  A wizard (D:10)
  A fire crab (D:11)
  4 wolf spider zombies
  Pikel (D:6)
  A spriggan druid (Lair:6)
  A wolf spider (D:12)
  An orb spider (shapeshifter) (D:11)
  2 ugly things (D:11)
  3 cyclopes
  3 orc knights
  A mana viper (Lair:4)
  3 orc sorcerers
  5 manticores
  A guardian serpent (shapeshifter) (D:12)
  5 elephants (Lair:5)
  A guardian serpent (Lair:4)
  2 black mambas
  Joseph (D:6)
  3 freezing wraiths
  13 cane toads
  2 kobold demonologists
  3 rime drakes
  An efreet (D:12)
  16 komodo dragons
  2 eyes of draining
  4 yaktaurs
  A tengu conjurer (D:11)
  Maurice (D:9)
  6 hornets
  Prince Ribbit (D:6)
  7 trolls
  A harpy skeleton (D:9)
  9 slime creatures (D:11)
  21 dream sheep
  9 hippogriffs
  10 blink frogs
  A shadow (D:10)
  Sigmund (D:2)
  2 wraiths (D:12)
  2 basilisks
  2 vampires
  A wyvern (Lair:5)
  2 fire bats (Volcano)
  31 yaks
  2 vampire mosquitoes (D:12)
  3 hungry ghosts
  5 nagas (Lair:4)
  8 crocodiles
  An acid dragon (D:10)
  Duvessa (D:6)
  Purgy (Sewer)
  2 water moccasins
  7 porcupines
  27 orc warriors
  3 ice beasts
  2 necrophages
  2 soldier ants (D:11)
  5 sky beasts
  3 slaves (D:6)
  3 phantoms
  A black bear (Lair:6)
  10 wolves
  8 ogres
  A tengu (shapeshifter) (D:11)
  10 bullfrogs
  2 elf zombies (Ossuary)
  3 kobold brigands
  A gnoll sergeant (D:10)
  19 centaurs
  A wyvern zombie (D:8)
  Dowan (D:6)
  3 scorpions
  A troll zombie (D:9)
  3 killer bees (D:10)
  4 wights (D:8)
  An electric eel (Lair:2)
  16 orc priests
  A howler monkey (D:5)
  4 crimson imps
  5 jellies
  6 hounds
  A bullfrog skeleton (D:8)
  14 orc wizards
  An iguana (D:9)
  11 worker ants
  7 ogre zombies (D:9)
  A hound zombie (Ossuary)
  A hound skeleton (D:7)
  4 mummies (Ossuary)
  A howler monkey zombie (D:9)
  A worker ant zombie (D:9)
  Robin (D:4)
  A howler monkey skeleton (D:5)
  4 gnolls (D:10)
  6 adders
  6 shadow imps
  3 oozes
  3 adder skeletons
  3 dart slugs
  7 leopard geckos
  74 orcs
  8 bats
  2 giant cockroaches
  A gnoll zombie (Ossuary)
  10 hobgoblins
  6 jackals
  17 kobolds
  3 quokkas
  A ball python (D:2)
  6 frilled lizards
  13 goblins
  A goblin skeleton (D:9)
  A goblin zombie (Ossuary)
  2 hobgoblin skeletons (D:9)
  5 hobgoblin zombies
  A kobold zombie (Ossuary)
  4 orc skeletons (D:9)
  15 orc zombies
  A quokka skeleton (D:4)
  A quokka zombie (D:4)
  4 rats
  2 rat zombies (Ossuary)
678 creatures vanquished.

Vanquished Creatures (collateral kills)
  An anaconda (Snake:1)
  A mana viper (Lair:4)
  A salamander (Snake:1)
  A black mamba (Snake:1)
  A gargoyle (D:9)
  2 orc warriors
  An ogre (D:12)
  2 orcs (D:11)
  A hobgoblin (D:2)
11 creatures vanquished.

Vanquished Creatures (others)
  A manticore (D:12)
  A kobold demonologist (D:12)
  A slime creature (D:11)
  10 dancing weapons
  A soldier ant (shapeshifter) (D:12)
  A kobold brigand (D:12)
  A centaur (D:11)
  A shadow imp (D:6)
  An orc (Orc)
  5 kobolds (D:12)
  4 bushes (Lair:5)
  A fungus (Lair:2)
  7 plants
  A withered plant (D:8)
36 creatures vanquished.

Grand Total: 725 creatures vanquished

Notes
Turn   | Place    | Note
-------+----------+-------------------------------------------
     0 | D:1      | TheWayOfAllFlesh the Spriggan Enchanter began the quest for
                  | the Orb.
     0 | D:1      | Reached XP level 1. HP: 9/9 MP: 5/5
    97 | D:1      | Reached skill level 5 in Stealth
   307 | D:1      | Reached XP level 2. HP: 13/13 MP: 6/6
   752 | D:1      | Reached XP level 3. HP: 16/16 MP: 8/8
  1205 | D:2      | Found a shimmering blue altar of Sif Muna.
  1205 | D:2      | Found a basalt altar of Yredelemnul.
  1205 | D:2      | Found a stormy altar of Qazlal.
  1205 | D:2      | Found a corrupted altar of Lugonu.
  1231 | D:2      | Found a bloodstained altar of Trog.
  1231 | D:2      | Found a burning altar of Makhleb.
  1485 | D:2      | Learned a level 2 spell: Ensorcelled Hibernation
  1489 | D:2      | Learned a level 3 spell: Tukima's Dance
  1691 | D:2      | Reached XP level 4. HP: 21/21 MP: 6/9
  1787 | D:2      | Reached skill level 4 in Dodging
  1849 | D:2      | Noticed Sigmund
  1872 | D:2      | Killed Sigmund
  1873 | D:2      | Reached skill level 1 in Ice Magic
  1873 | D:2      | Reached XP level 5. HP: 10/24 MP: 4/10
  1886 | D:2      | Noticed Robin
  2262 | D:2      | Reached XP level 6. HP: 22/28 MP: 8/11
  2523 | D:2      | Found a basalt altar of Yredelemnul.
  2525 | D:2      | Found a shimmering blue altar of Sif Muna.
  2525 | D:2      | Found a stormy altar of Qazlal.
  2525 | D:2      | Found a corrupted altar of Lugonu.
  2532 | D:2      | Found a burning altar of Makhleb.
  2535 | D:2      | Found a bloodstained altar of Trog.
  3301 | D:2      | Reached skill level 5 in Short Blades
  3460 | D:2      | Found a basalt altar of Yredelemnul.
  3462 | D:2      | Found a shimmering blue altar of Sif Muna.
  3462 | D:2      | Found a stormy altar of Qazlal.
  3462 | D:2      | Found a corrupted altar of Lugonu.
  3469 | D:2      | Found a burning altar of Makhleb.
  3472 | D:2      | Found a bloodstained altar of Trog.
  4125 | D:2      | Found a basalt altar of Yredelemnul.
  4127 | D:2      | Found a shimmering blue altar of Sif Muna.
  4127 | D:2      | Found a stormy altar of Qazlal.
  4127 | D:2      | Found a corrupted altar of Lugonu.
  4134 | D:2      | Found a burning altar of Makhleb.
  4137 | D:2      | Found a bloodstained altar of Trog.
  5043 | D:3      | Noticed a sky beast
  5051 | D:3      | Killed a sky beast
  5052 | D:3      | Reached skill level 5 in Dodging
  5360 | D:4      | Learned a level 3 spell: Confuse
  5360 | D:4      | Found a sand-covered staircase.
  5369 | Ossuary  | Entered an ossuary
  5541 | Ossuary  | Reached XP level 7. HP: 19/32 MP: 3/13
  5985 | D:4      | Found a staircase to the Ecumenical Temple.
  6116 | D:4      | Killed Robin
  6176 | Temple   | Entered the Ecumenical Temple
  6282 | Temple   | Became a worshipper of Gozag Ym Sagoz the Greedy
  6408 | D:4      | Found Tiulat's General Store.
  6411 | D:4      | Bought a potion of heal wounds for 60 gold pieces
  6411 | D:4      | Bought a scroll of teleportation for 36 gold pieces
  6576 | D:5      | Entered Level 5 of the Dungeon
  6579 | D:5      | Got a crystal short sword
  6593 | D:5      | Identified the +9 short sword of War {drain, rPois} (You
                  | found it on level 5 of the Dungeon)
  6665 | D:5      | Reached skill level 6 in Dodging
  6719 | D:5      | Reached skill level 5 in Hexes
  6951 | D:5      | Reached XP level 8. HP: 36/36 MP: 15/15
  7003 | D:5      | Reached skill level 7 in Dodging
  7350 | D:6      | Noticed a two-headed ogre
  7367 | D:5      | Killed a two-headed ogre
  7368 | D:5      | Reached skill level 8 in Dodging
  7368 | D:5      | Reached skill level 10 in Stealth
  7434 | D:6      | Noticed Duvessa
  7436 | D:6      | Noticed Dowan
  7452 | D:6      | Killed Duvessa
  7453 | D:6      | Reached skill level 9 in Dodging
  7456 | D:6      | Noticed a manticore
  7641 | D:6      | Found a glowing drain.
  7649 | D:6      | Reached XP level 9. HP: 39/39 MP: 11/16
  7658 | D:6      | Noticed Pikel
  7662 | Sewer    | Entered a sewer
  7760 | Sewer    | Noticed Purgy
  7762 | Sewer    | Killed Purgy
  7822 | D:6      | Killed Pikel
  7942 | D:6      | Reached skill level 10 in Dodging
  8027 | D:6      | Killed Dowan
  8221 | D:6      | Killed a manticore
  8405 | D:6      | Noticed Prince Ribbit
  8412 | D:6      | Killed Prince Ribbit
  8413 | D:6      | Reached XP level 10. HP: 44/44 MP: 17/17
  8727 | D:7      | Found an ornate altar of the Wu Jian Council.
  8812 | D:7      | Found a blossoming altar of Fedhas.
  8888 | D:7      | Reached skill level 11 in Dodging
  8903 | D:7      | Found a basalt altar of Yredelemnul.
  9052 | D:7      | Noticed Joseph
  9083 | D:6      | Killed Joseph
  9084 | D:6      | Reached skill level 10 in Short Blades
 10036 | D:8      | Reached skill level 1 in Fighting
 10346 | D:8      | Reached skill level 12 in Dodging
 10525 | D:8      | Reached skill level 5 in Spellcasting
 10532 | D:8      | Found a staircase to the Lair.
 10656 | D:8      | Noticed a two-headed ogre
 10669 | D:8      | Killed a two-headed ogre
 10670 | D:8      | Reached XP level 11. HP: 49/51 MP: 10/19
 10957 | D:9      | Noticed Maurice
 10976 | D:9      | Killed Maurice
 11098 | D:9      | Noticed a two-headed ogre
 11135 | D:9      | Killed a two-headed ogre
 11513 | D:9      | Noticed an unseen horror
 11528 | D:9      | Killed an unseen horror
 11529 | D:9      | Reached skill level 13 in Dodging
 11728 | D:9      | Found a staircase to the Orcish Mines.
 11990 | D:9      | Noticed Psyche
 11992 | D:9      | Killed Psyche
 12081 | D:9      | Found a runed translucent gate.
 12081 | D:9      | Found a runed translucent gate.
 12081 | D:9      | Found a runed translucent gate.
 12082 | D:9      | Noticed Mehrunes's ghost (journeyman NaSA)
 12314 | D:10     | Entered Level 10 of the Dungeon
 12474 | D:10     | Noticed an unseen horror
 12485 | D:10     | Killed an unseen horror
 12581 | D:10     | Reached skill level 15 in Stealth
 12774 | D:10     | Noticed a wizard
 12911 | D:10     | Killed a wizard
 13160 | Lair:1   | Entered Level 1 of the Lair of Beasts
 13211 | Lair:1   | Reached skill level 14 in Dodging
 13215 | Lair:1   | Reached skill level 5 in Fighting
 13215 | Lair:1   | Reached XP level 12. HP: 60/60 MP: 20/20
 13248 | Lair:1   | Identified a scroll of acquirement
 13248 | Lair:1   | Identified the +3 quick blade of the Fox {venom, rF++ Str+5
                  | Int-3} (You acquired it on level 1 of the Lair of Beasts)
 14083 | Lair:2   | Reached skill level 1 in Evocations
 14268 | Lair:2   | Found a runed translucent door.
 14313 | Lair:2   | Found a staircase to the Shoals.
 14314 | Lair:2   | Noticed Mrcake's ghost (journeyman GrEE)
 15160 | Lair:2   | Learned a level 7 spell: Shadow Creatures
 15203 | Lair:3   | Noticed an eight-headed hydra
 15224 | Lair:3   | Killed an eight-headed hydra
 15623 | Lair:3   | Reached skill level 1 in Summonings
 15725 | Lair:3   | Reached skill level 15 in Dodging
 16416 | Lair:4   | Noticed an eight-headed hydra
 16461 | Lair:4   | Killed an eight-headed hydra
 16684 | Lair:4   | Reached XP level 13. HP: 65/65 MP: 25/25
 16712 | Lair:4   | Reached skill level 5 in Evocations
 16932 | Lair:4   | Found a staircase to the Snake Pit.
 16975 | Lair:4   | Noticed Rupert
 17833 | Lair:5   | Bought a glowing cloak for 202 gold pieces
 17833 | Lair:5   | Bought a translucent medium shield for 256 gold pieces
 17833 | Lair:5   | Identified the cursed +0 medium shield "Vusoet" {rC+} (You
                  | bought it in a shop on level 5 of the Lair of Beasts)
 18677 | Lair:6   | Entered Level 6 of the Lair of Beasts
 18702 | Lair:6   | Reached skill level 1 in Shields
 18816 | Lair:6   | Noticed Snorg
 18888 | Lair:5   | Killed Snorg
 19043 | Lair:6   | Got a fading cloak
 19421 | Lair:6   | Reached skill level 16 in Dodging
 19553 | Lair:6   | Reached XP level 14. HP: 44/72 MP: 28/28
 19627 | Lair:6   | Identified the +2 cloak "Vopric" {+Fly} (You found it on
                  | level 6 of the Lair of Beasts)
 19738 | Lair:6   | Identified the Catalogue of Glacial Poison
 19831 | Lair:6   | Noticed an apis
 19832 | Lair:6   | Noticed an apis
 19833 | Lair:6   | Found a staircase to the Spriggan Forest.
 19833 | Lair:6   | Noticed an apis
 19835 | Lair:6   | Noticed an apis
 19860 | Lair:6   | Killed an apis
 19861 | Lair:6   | Reached skill level 10 in Hexes
 20561 | D:11     | Noticed Josephine
 20566 | D:11     | Killed Josephine
 20792 | D:11     | Reached skill level 10 in Spellcasting
 21433 | D:11     | Noticed an ironheart preserver
 21821 | D:11     | Found a gate to the Vaults.
 21829 | D:11     | Killed an ironheart preserver
 22434 | D:12     | Entered Level 12 of the Dungeon
 22440 | D:12     | Learned a level 4 spell: Cause Fear
 22453 | D:12     | Reached skill level 17 in Dodging
 22647 | D:12     | Reached XP level 15. HP: 77/77 MP: 28/30
 22725 | D:12     | Reached skill level 5 in Summonings
 23993 | D:12     | Found a staircase to the Depths.
 23993 | D:12     | Noticed a frost giant
 24305 | D:12     | Found a runed translucent gate.
 24305 | D:12     | Found a runed translucent gate.
 24307 | D:12     | Found a runed translucent gate.
 24308 | D:12     | Noticed Finalfun's ghost (journeyman FrFE)
 25028 | Orc      | Entered the Orcish Mines
 25029 | Orc      | Identified the +0 rapier "Goblinslayer" {flame, rN+ Dex+6}
                  | (You acquired it in the Orcish Mines)
 25029 | Orc      | Identified the amulet of Elixueqi {RegenMP Str+6 Stlth-}
                  | (You acquired it in the Orcish Mines)
 25029 | Orc      | Identified Povvo's Advanced Steps in Witchery (You acquired
                  | it in the Orcish Mines)
 25069 | Orc      | Found a flickering gateway to a bazaar.
 25083 | Bazaar   | Entered a bazaar
 25095 | Bazaar   | Found Lunimagi's Assorted Antiques.
 25096 | Bazaar   | Found Nyniosiu's Book Shoppe.
 25105 | Bazaar   | Bought a scroll of teleportation for 90 gold pieces
 25105 | Bazaar   | Bought a potion of heal wounds for 150 gold pieces
 25142 | Bazaar   | Found Zakliob's Book Emporium.
 25143 | Bazaar   | Found Suclecly's Magic Scroll Emporium.
 25179 | Bazaar   | Bought 2 scrolls of teleportation for 90 gold pieces
 25179 | Bazaar   | Bought a scroll of blinking for 112 gold pieces
 25179 | Bazaar   | Bought a scroll of blinking for 112 gold pieces
 25203 | Bazaar   | Bought a book of Summonings for 700 gold pieces
 25209 | Bazaar   | Learned a level 5 spell: Summon Mana Viper
 25232 | Bazaar   | Bought a book of Party Tricks for 600 gold pieces
 25232 | Bazaar   | Bought a Grand Grimoire for 1324 gold pieces
 25234 | Bazaar   | Learned a level 1 spell: Apportation
 25236 | Bazaar   | Learned a level 1 spell: Summon Butterflies
 25267 | Orc      | Noticed Gastronok
 25297 | Orc      | Found a dark tunnel.
 25302 | Volcano  | Entered a volcano
 25380 | Volcano  | Found a bloodstained altar of Trog.
 25473 | Volcano  | Found a radiant altar of Vehumet.
 25758 | Orc      | Noticed Donald
 25852 | Orc      | Killed Donald
 25935 | Orc      | Found a viscous altar of Jiyva.
 25935 | Orc      | Found a staircase to the Slime Pits.
 25979 | Orc      | Noticed Erolcha
 25990 | Orc      | Killed Erolcha
 26219 | Orc      | Reached skill level 5 in Shields
 26278 | Orc      | Found a roughly hewn altar of Beogh.
 26472 | Orc      | Found a roughly hewn altar of Beogh.
 26665 | Orc      | Found a roughly hewn altar of Beogh.
 26791 | Orc      | Found Oczouc's Food Shop.
 27106 | Orc      | Found a roughly hewn altar of Beogh.
 27108 | Orc      | Found Zaptijis's Distillery.
 27121 | Orc      | Bought a potion of agility for 72 gold pieces
 27121 | Orc      | Bought a potion of haste for 180 gold pieces
 27121 | Orc      | Bought a potion of heal wounds for 90 gold pieces
 27121 | Orc      | Bought a potion of agility for 72 gold pieces
 27121 | Orc      | Bought a potion of heal wounds for 90 gold pieces
 27121 | Orc      | Bought a potion of might for 72 gold pieces
 27121 | Orc      | Bought a potion of brilliance for 72 gold pieces
 27121 | Orc      | Bought a potion of might for 72 gold pieces
 27121 | Orc      | Bought a potion of curing for 45 gold pieces
 27280 | Orc      | Killed Gastronok
 27603 | Orc      | Noticed an orc warlord
 27605 | Orc      | Found Nooptuzy's Antique Weapon Boutique.
 27620 | Orc      | Killed an orc warlord
 27656 | Orc      | Found Meba's Antique Armour Shop.
 27656 | Orc      | Found a roughly hewn altar of Beogh.
 27803 | Orc      | Found a roughly hewn altar of Beogh.
 28209 | Snake:1  | Entered Level 1 of the Snake Pit
 28369 | Lair:4   | Reached skill level 10 in Evocations
 28533 | Snake:1  | Shot with an arrow by a naga sharpshooter

Skill      XL: |  1  2  3  4  5  6  7  8  9 10 11 12 13 14 15 |
---------------+----------------------------------------------+-----
Stealth        | 5 6 8 10 12 13 15 | 15.2
Short Blades   | 2 3 4 5 6 8 9 11 12 | 12.0
Spellcasting   | 3 4 5 7 9 10 11 | 11.0
Hexes          | 4 5 6 8 9 11 12 | 12.0
Dodging        | 4 5 6 9 10 12 14 15 16 17 | 17.8
Ice Magic      | 1 2 3 4 |  4.0
Fighting       | 2 5 6 7 8 9 |  9.1
Evocations     | 4 7 8 10 | 10.0
Summonings     | 1 3 4 6 |  6.0
Shields        | 2 4 5 |  5.4

Action                   |  1- 3 |  4- 6 |  7- 9 | 10-12 | 13-15 || total
-------------------------+-------+-------+-------+-------+-------++-------
Melee: Dagger            |   142 |   117 |    90 |       |   344 ||   693
       Short sword       |       |       |   118 |   359 |       ||   477
       Quick blade       |       |       |       |   216 |   991 ||  1207
 Cast: Ensorcelled Hiber |     2 |    21 |    18 |    75 |   106 ||   222
       Slow              |     1 |     2 |       |     1 |     7 ||    11
       Tukima's Dance    |       |     1 |     6 |    19 |    44 ||    70
       Confuse           |       |     8 |    11 |    44 |   100 ||   163
       Summon Mana Viper |       |       |       |       |     6 ||     6
       Summon Butterflie |       |       |       |       |     2 ||     2
Invok: Call Merchant     |       |       |       |       |     2 ||     2
 Abil: Evoke Invisibilit |       |       |       |       |    24 ||    24
Evoke: Wand              |       |       |       |     1 |    10 ||    11
  Use: Scroll            |     1 |     3 |     6 |    19 |     9 ||    38
 Stab: Sleeping          |    13 |    20 |    25 |    62 |    68 ||   188
       Confused          |       |     4 |     5 |    15 |    35 ||    59
       Distracted        |       |       |     2 |     8 |    17 ||    27
       Invisible         |       |       |       |       |    99 ||    99
       Petrified         |       |       |       |       |     4 ||     4
  Eat: Ration            |       |     2 |     2 |     5 |    10 ||    19
Armor: Robe              |     9 |     6 |     6 |    16 |    43 ||    80
Dodge: Dodged            |   101 |    90 |   125 |   319 |   728 ||  1363
Block: Buckler           |       |       |       |       |   276 ||   276
